 Dungeon Crawl Stone Soup version 0.32-a0-818-gb728d0252e (webtiles) character file.

Game seed: 7444615303689456218

483 Goblin1989 the Cutter (level 6, -8/44 HPs)
             Began as a Demonspawn Brigand on Mar 24, 2024.
             Mangled by Duvessa
             ... wielding a +0 rapier
              (10 damage)
             ... on level 5 of the Dungeon.
             The game lasted 00:06:07 (2402 turns).

Goblin1989 the Cutter (Demonspawn Brigand)          Turns: 2402, Time: 00:06:07

Health: -8/44      AC: 12    Str:  9 (11) XL:     6   Next: 87%
Magic:  6/6        EV: 11    Int: 12      God:
Gold:   144        SH:  0    Dex: 20 (22) Spells: 5/5 levels left

rFire   . . .        a - +2 dagger
rCold   . . .        (no shield)
rNeg    . . .        b - +0 robe
rPois   .            (helmet restricted)
rElec   .            j - +2 cloak
rCorr   .            g - +2 pair of gloves
SInv    .            (no boots)
Will    .....        r - amulet of the acrobat
Stlth   +++          u - +4 ring of protection
HPRegen 0.27/turn    w - +6 ring of dexterity
MPRegen 0.10/turn

%: acrobat
@: no status effects
A: horns 1, spiny 1
a: no special abilities


You were on level 5 of the Dungeon.
You visited 1 branch of the dungeon, and saw 4 of its levels.

You collected 144 gold pieces.

Inventory:

Hand Weapons
 a - a +2 dagger (weapon)
Missiles
 d - 18 poisoned darts
 e - a curare-tipped dart (quivered)
 v - 3 datura-tipped darts
Armour
 b - a +0 robe (worn)
 g - a +2 pair of gloves (worn)
 j - a +2 cloak (worn)
Jewellery
 r - an amulet of the acrobat (around neck)
 u - a +4 ring of protection (left hand)
 w - a +6 ring of dexterity (right hand)
 y - a ring of flight
Wands
 z - a wand of flame (6) {@v1}
Scrolls
 l - a scroll of fear {unknown}
 m - a scroll of identify {unknown}
 n - 2 scrolls of teleportation {unknown}
 q - a scroll of silence {unknown}
 t - a scroll of enchant weapon {unknown}
 x - a scroll of revelation {unknown}
Potions
 f - a potion of degeneration
 h - a potion of heal wounds {@q2}
 i - a potion of attraction
 k - a potion of might {unknown}
 o - a potion of experience {unknown}
 p - 3 potions of curing {unknown}
 s - a potion of cancellation {unknown}


   Skills:
 - Level 2.0 Fighting
 + Level 5.6 Short Blades
 - Level 1.7 Throwing
 - Level 0.8 Dodging
 + Level 5.5 Stealth


You had 5 spell levels left.
You didn't know any spells.
Your spell library contained the following spells:

 Spells                   Type           Power      Damage    Failure   Level
 Gell's Gravitas          Tloc           0%         N/A       69%         3
 Teleport Other           Tloc           0%         N/A       69%         3
 Dispersal                Tloc           0%         N/A       100%        6


Dungeon Overview and Level Annotations

Branches:
Dungeon (3/15) Zot: 21642

Altars:

Annotations:
D:5 Duvessa


Innate Abilities, Weirdness & Mutations

You have a pair of small horns on your head.
You are partially covered in sharp spines.


Message History

Dowan is nearby!
Dowan is attracted toward you.
The helpless Dowan fails to defend himself.
You perforate Dowan like a sieve!!!
You kill Dowan!
You hear a distant scream of rage.
No target in view!
No target in view!
No target in view!
No target in view!
No target in view!
No target in view!
No target in view!
No target in view!
No target in view!
No target in view!
No target in view!
No target in view!
No target in view!
No target in view!
No target in view!
No target in view!
No target in view!
No target in view!
No target in view!
No target in view!
Duvessa, Sister of Dowan comes into view.
She is wielding a +0 rapier.
Duvessa shouts!
Duvessa goes berserk!
Duvessa is attracted toward you.
You feel less attractive to monsters.
Things that are here:
a +0 dagger; a +1 robe of cold resistance You hit Duvessa but do no damage.
Duvessa barely misses you.
You hit Duvessa but do no damage. You headbutt Duvessa, but do no damage.
Duvessa is struck by your spines. Duvessa hits you with a +0 rapier!
You take 14 damage, and have 30/44 hp.
MASSIVE DAMAGE!!
You hit Duvessa but do no damage. Your headbutt misses Duvessa.
Duvessa is lightly wounded.
Duvessa barely misses you.
You barely miss Duvessa. You headbutt Duvessa.
Duvessa is lightly wounded.
Duvessa is struck by your spines. Duvessa hits you with a +0 rapier.
You take 3 damage, and have 27/44 hp.
You puncture Duvessa!
Duvessa is moderately wounded.
Duvessa barely misses you. Duvessa hits you with a +0 rapier!!
* * * LOW HITPOINT WARNING * * *
You are too injured to fight recklessly!
You take 18 damage, and have 9/44 hp.
MASSIVE DAMAGE!!
You are too injured to fight recklessly!
You are too injured to fight recklessly!
You are too injured to fight recklessly!
You are too injured to fight recklessly!
You are too injured to fight recklessly!
You are too injured to fight recklessly!
You are too injured to fight recklessly!
You are too injured to fight recklessly!
You are too injured to fight recklessly!
You are too injured to fight recklessly!
You are too injured to fight recklessly!
You are too injured to fight recklessly!
You are too injured to fight recklessly!
You are too injured to fight recklessly!
You are too injured to fight recklessly!
You are too injured to fight recklessly!
You are too injured to fight recklessly!
You are too injured to fight recklessly!
You are too injured to fight recklessly!
Throw: 3 darts (curare)
Press: ? - help, Q - select action, (/) - cycle Shift-Dir - straight line, f - Duvessa
Aim: Duvessa, wielding a +0 rapier and wearing a +0 ring mail (moderately wounded, berserk, 68% to hit)
You throw a curare-tipped dart.
The curare-tipped dart closely misses Duvessa.
Duvessa barely misses you.
Throw: 2 darts (curare)
Press: ? - help, Q - select action, (/) - cycle Shift-Dir - straight line, f/p - Duvessa
Aim: Duvessa, wielding a +0 rapier and wearing a +0 ring mail (moderately wounded, berserk, 68% to hit)
You throw a curare-tipped dart. The curare-tipped dart hits Duvessa.
Duvessa is poisoned.
Duvessa struggles to breathe.
Duvessa seems to slow down.
Duvessa is heavily wounded.
Duvessa hits you with a +0 rapier!
* * * LOW HITPOINT WARNING * * *
You take 8 damage, and have 1/44 hp.
Throw: dart (curare)
Press: ? - help, Q - select action, (/) - cycle Shift-Dir - straight line, f/p - Duvessa
Aim: Duvessa, wielding a +0 rapier and wearing a +0 ring mail (heavily wounded, berserk, very poisoned, slow, 68% to hit)
Okay, then.
You barely miss Duvessa.
Duvessa is heavily wounded.
Duvessa is struck by your spines. Duvessa closely misses you.
You hit Duvessa. You headbutt Duvessa, but do no damage.
Duvessa is severely wounded.
You barely miss Duvessa.
Duvessa is severely wounded.
Duvessa barely misses you.
You hit Duvessa but do no damage.
Duvessa is severely wounded.
Duvessa hits you with a +0 rapier!
You die...

██...........█████ █..
...†............Ψ████ ██∆
.................█..███ █..
...█████████.....█...(██ ██.█
████.......███..██.....█ █.██
█.........).....█....... ██.█
.......Ψ........█....... █.███
..............███e...... ██.█.█
.███.......████.@......█ █.██.█
...█████████.)........███ █.██∆█
.........†..........███.█ █.....
..................███.█.█ ██....
██..........)██████.█.█.█ ██.....
.██████████████████.....███......
..∆...................÷..))......
..████...█.██.██████...████......
.██ ██.......█ █.......█ ██.....


You could see Duvessa (berserk, very poisoned, slow).

Vanquished Creatures
  A water moccasin (D:5)
  Dowan (D:5)
  3 hounds (D:5)
  2 iguanas (D:5)
  Ijyb (D:5)
  Terence (D:3)
  6 adders
  5 orcs (D:5)
  9 ball pythons
  2 endoplasms (D:2)
  3 giant cockroaches
  3 hobgoblins
  6 jackals
  3 quokkas
  5 bats
  11 frilled lizards
  9 goblins
  7 kobolds
  3 rats
81 creatures vanquished.

Notes
Turn   | Place    | Note
-------+----------+-------------------------------------------
     0 | D:1      | Goblin1989 the Demonspawn Brigand began the quest for the
                  | Orb.
     0 | D:1      | Reached XP level 1. HP: 16/16 MP: 1/1
   174 | D:1      | Gained mutation: You have a pair of small horns on your
                  | head. [demonic ancestry]
   174 | D:1      | Reached XP level 2. HP: 22/22 MP: 2/2
   642 | D:2      | Reached XP level 3. HP: 27/27 MP: 3/3
  1116 | D:2      | Gained mutation: You are partially covered in sharp spines.
                  | [demonic ancestry]
  1116 | D:2      | Reached XP level 4. HP: 33/33 MP: 4/4
  1393 | D:3      | Noticed Terence
  1418 | D:3      | Killed Terence
  1791 | D:3      | You fall into a shaft and drop 2 floors!
  1791 | D:5      | Entered Level 5 of the Dungeon
  1838 | D:5      | Reached XP level 5. HP: 21/38 MP: 5/5
  2241 | D:5      | Reached skill level 5 in Short Blades
  2241 | D:5      | Reached XP level 6. HP: 18/44 MP: 6/6
  2354 | D:5      | Noticed a water moccasin
  2368 | D:5      | Killed a water moccasin
  2369 | D:5      | Reached skill level 5 in Stealth
  2374 | D:5      | Noticed Ijyb
  2377 | D:5      | Killed Ijyb
  2388 | D:5      | Noticed Dowan
  2390 | D:5      | Killed Dowan
  2391 | D:5      | Noticed Duvessa
  2398 | D:5      | HP: 1/44 [Duvessa/+0 rapier (8)]
  2402 | D:5      | Mangled by Duvessa

Illustrated notes

Levels and vault maps discovered:
D:1:      nzn_arrival_settlement, layout_rooms, roderic_serpentine_path,
          minmay_pentomino_q4
D:2:      layout_loops_cross
D:3:      kennysheep_six_static_rooms, layout_rooms, minivault_14,
          minmay_fountain_box, uniq_terence
D:5:      kennysheep_spiral_hall, layout_loops_corners, grunt_decor_clamped,
          uniq_ijyb, uniq_duvessa

Skill      XL: |  1  2  3  4  5  6 |
---------------+-------------------+-----
Short Blades   | 2 3 4 5 |  5.6
Stealth        | 4 5 |  5.5
Fighting       | |  2.0
Throwing       | |  1.7
Dodging        | |  0.8

Action                     |  1- 3 |  4- 6 || total
---------------------------+-------+-------++-------
  Melee: Dagger            |   134 |    94 ||   228
         Headbutt          |     7 |    12 ||    19
  Throw: Dart              |       |    21 ||    21
    Use: Potion            |       |     3 ||     3
   Stab: Sleeping          |    13 |    11 ||    24
         Distracted        |     1 |       ||     1
 Armour: Robe              |    81 |    47 ||   128
  Dodge: Dodged            |    85 |    35 ||   120

Table legend: (Time is in decaauts)
 A = Elapsed time spent in this place.
 B = Non-inter-level travel time spent in this place.
 C = Inter-level travel time spent in this place.
 D = Time resting spent in this place.
 E = Time spent auto-exploring this place.
 F = Levels seen in this place.
 G = Mean time per level.
                   A        B        C        D        E       F      G
               +--------+--------+--------+--------+--------+-----+--------+
         Total |   2357 |   2279 |     78 |      0 |   1711 |   4 |  589.2 |
       Dungeon |   2357 |   2279 |     78 |      0 |   1711 |   4 |  589.2 |
               +--------+--------+--------+--------+--------+-----+--------+

Top non-repeatable levels by time:
     D:2: 731 daAuts
     D:1: 628 daAuts
     D:5: 592 daAuts
     D:3: 405 daAuts
